 Dungeon Crawl Stone Soup version 0.30-a0-799-g109b55a442 (webtiles) character file.

Game seed: 17118823457625577424

66 hikkokomori the Conjurer (level 4, -11/27 HPs)
             Began as a Gargoyle Reaver on Feb 20, 2023.
             Killed by divine providence
             ... invoked by an orc priest
              (16 damage)
             ... on level 3 of the Dungeon.
             The game lasted 00:03:41 (1037 turns).

hikkokomori the Conjurer (Gargoyle Reaver)          Turns: 1037, Time: 00:03:41

Health: -11/27     AC: 18    Str: 25    XL:     4   Next: 15%
Magic:  7/7        EV:  7    Int: 13    God:
Gold:   41         SH:  3    Dex:  8    Spells: 4/7 levels left

rFire   + . .      SeeInvis .    a - +1 mace
rCold   . . .      Faith    .    c - +0 buckler
rNeg    + . .      Spirit   .    e - +7 chain mail "Oloac" {Regen+ Str+9 Int-2 Slay-2}
rPois   ∞          Reflect  .    (no helmet)
rElec   +          Harm     .    (no cloak)
rCorr   .          Rampage  .    (no gloves)
Will    .....                    (no boots) Stlth
                                 (no amulet)
HPRegen 1.04/turn                j - ring of protection from fire
MPRegen 0.10/turn                (no ring)

@: no status effects
A: sickness immunity, AC +3, negative energy resistance 1, electricity
resistance, torment resistance 1, petrification resistance
a: no special abilities


You were on level 3 of the Dungeon.
You visited 1 branch of the dungeon, and saw 3 of its levels.

You collected 41 gold pieces.

Inventory:

Hand Weapons
 a - a +1 mace (weapon)
Missiles
 n - 10 stones (quivered)
Armour
 b - a +0 leather armour
 c - a +0 buckler (worn)
 e - the +7 chain mail "Oloac" (worn) {Regen+ Str+9 Int-2 Slay-2}
   (You acquired it on level 3 of the Dungeon)

   Str:       It affects your strength (+9).
   Int:       It affects your intelligence (-2).
   Slay:      It affects your accuracy & damage with ranged weapons and melee
   (-2).
   Regen:     It increases your rate of health regeneration.
Jewellery
 j - a ring of protection from fire (left hand)
Scrolls
 l - a scroll of teleportation {unknown}
 m - a scroll of fog {unknown}
 p - a scroll of enchant armour {unknown}
Potions
 d - a potion of degeneration {unknown}
 f - a potion of might {unknown}
 g - 2 potions of curing {unknown}
 h - 2 potions of heal wounds {unknown}
 k - a potion of mutation {unknown}
 o - a potion of flight {unknown}
 q - a potion of brilliance {unknown}
 r - 2 potions of haste {unknown}


   Skills:
 + Level 2.7 Fighting
 + Level 3.3 Maces & Flails
 + Level 0.0 Armour
 - Level 1.5 Dodging
 - Level 1.4 Stealth
 + Level 1.4 Shields
 - Level 2.0 Spellcasting
 - Level 3.8 Conjurations
 - Level 0.7 Translocations


You had 4 spell levels left.
You knew the following spells:

 Your Spells              Type           Power      Damage    Failure   Level
a - Kiss of Death         Conj/Necr      24%        2d7       77%         1
b - Momentum Strike       Conj/Tloc      14%        3d8       85%         2

Your spell library contained the following spells:

 Spells                   Type           Power      Damage    Failure   Level
 Hailstorm                Conj/Ice       6%         3d4       98%         3
 Vhi's Electric Charge    Tloc/Air       4%         N/A       100%        3
 Animate Armour           Summ/Erth      2%         N/A       100%        4
 Arcjolt                  Conj/Air       3%         1d13      100%        5
 Blade Hands              Tmut           0%         N/A       100%        5
 Iron Shot                Conj/Erth      3%         9d2       100%        6
 Maxwell's Capacitive Co  Air            0%         ∞         100%        8


Dungeon Overview and Level Annotations

Branches:
Dungeon (3/15)

Altars:
The Shining One

Annotations:
D:2 Sigmund


Innate Abilities, Weirdness & Mutations

You are immune to sickness and miasma.
Your stone body is resilient. (AC +3)
You are immune to poison.
You resist negative energy. (rN+)
You are resistant to electric shocks. (rElec)
You are resistant to unholy torment.
You are immune to petrification.


Message History

The orc priest calls down the wrath of Beogh upon you.
Beogh smites you! The orc hits you but does no damage.
You barely miss the orc. The orc hits you but does no damage.
You barely miss the orc. The orc hits you but does no damage.
You closely miss the orc. The orc barely misses you.
The orc closely misses you.
You closely miss the orc. The orc hits you but does no damage.
You hit the orc.
The orc is heavily wounded.
You block the orc's attack.
You barely miss the orc.
The orc is heavily wounded.
The orc barely misses you. The orc hits you but does no damage.
You barely miss the orc.
The orc is heavily wounded.
The orc hits you but does no damage.
The orc priest calls upon Beogh to heal the orc.
The orc's wounds heal themselves!
You hear a shout!
You barely miss the orc. You block the orc's attack.
The orc priest casts a cantrip, but nothing happens.
You closely miss the orc. You block the orc's attack.
An orc priest comes into view. It is wielding a +0 morningstar.
You barely miss the orc. The orc hits you but does no damage.
The orc priest invokes the aid of Beogh against you.
Beogh smites you!
Ouch! That really hurt!
The orc hits you but does no damage.
You barely miss the orc. The orc hits you but does no damage.
The orc priest casts a cantrip, but nothing happens.
The orc priest invokes the aid of Beogh against you.
Beogh smites you!
* * * LOW HITPOINT WARNING * * *
You hit the orc.
The orc is severely wounded.
The orc hits you but does no damage.
The orc priest calls down the wrath of Beogh upon you.
Beogh smites you!
Ouch! That really hurt!
You die...

#.# ##..#####..........
#.# ##..##.Ko...........
#.#####..#K..###..........
#..........### ###........
#..####..### #.####...
#..##...## ###K# #
##.....### #...# ##...####
#####.#.# #.)#.#
######.@ooo#.# ##..#.##
#......#####.# ...##..#
#.###### ... ...###.###.##
... ............## ....
.............## .....
........<.....#
<†............#
..............#


You could see 2 orc priests and an orc.

Vanquished Creatures
  4 adders (D:2)
  A gnoll (D:1)
  A dart slug (D:1)
  An orc (D:3)
  3 ball pythons
  3 bats
  2 goblins
  2 quokkas (D:1)
  A frilled lizard (D:1)
  A kobold (D:3)
19 creatures vanquished.

Vanquished Creatures (others)
  A plant (D:1)
1 creature vanquished.

Grand Total: 20 creatures vanquished

Notes
Turn   | Place    | Note
-------+----------+-------------------------------------------
     0 | D:1      | hikkokomori the Gargoyle Reaver began the quest for the
                  | Orb.
     0 | D:1      | Reached XP level 1. HP: 12/12 MP: 3/3
   149 | D:1      | Reached XP level 2. HP: 14/15 MP: 5/5
   314 | D:1      | Learned a level 2 spell: Momentum Strike
   322 | D:1      | Reached skill level 1 in Stealth
   636 | D:2      | Reached skill level 1 in Shields
   636 | D:2      | Reached XP level 3. HP: 15/21 MP: 6/6
   723 | D:2      | Reached XP level 4. HP: 21/27 MP: 7/7
   821 | D:2      | Found a faded altar of an unknown god.
   855 | D:2      | Found a glowing golden altar of the Shining One.
   859 | D:2      | Noticed Sigmund
   913 | D:3      | Identified a scroll of acquirement
   913 | D:3      | Acquired the +7 chain mail "Oloac" {Regen+ Str+9 Int-2
                  | Slay-2}
  1037 | D:3      | Killed from afar by an orc priest

Illustrated notes

Levels and vault maps discovered:
D:1:      grunt_arrival_crossed_arrows, layout_rooms,
          chequers_serial_rivers_small_3, nicolae_grassy_gnolls
D:2:      minmay_evil_eye, layout_loops_corners,
          hellmonk_ecumenical_altar_leap_of_faith, basic_altar,
          minmay_pentomino_v2, uniq_sigmund
D:3:      layout_rooms, minitemple, mainiacjoe_overflow_boulevard,
          serial_corexii_hall, corexii_hall_statues_u, corexii_hall_statues_x,
          uniq_terence

Skill      XL: |  1  2 |
---------------+-------+-----
Stealth        | 1 |  1.4
Shields        | 1 |  1.4
Fighting       | |  2.7
Maces & Flails | |  3.3
Dodging        | |  1.5
Spellcasting   | |  2.0
Conjurations   | |  3.8
Translocations | |  0.7

Action                     |  1- 3 |  4- 6 || total
---------------------------+-------+-------++-------
  Melee: Mace              |    52 |    26 ||    78
  Throw: Stone             |     3 |       ||     3
   Cast: Kiss of Death     |     3 |       ||     3
    Use: Scroll            |       |     2 ||     2
   Stab: Sleeping          |       |     1 ||     1
 Armour: Leather armour    |    18 |     3 ||    21
         Chain mail        |       |    12 ||    12
  Dodge: Dodged            |    32 |     9 ||    41
  Block: Buckler           |     9 |     5 ||    14

Table legend: (Time is in decaauts)
 A = Elapsed time spent in this place.
 B = Non-inter-level travel time spent in this place.
 C = Inter-level travel time spent in this place.
 D = Time resting spent in this place.
 E = Time spent auto-exploring this place.
 F = Levels seen in this place.
 G = Mean time per level.
                   A        B        C        D        E       F      G
               +--------+--------+--------+--------+--------+-----+--------+
         Total |   1061 |   1004 |     57 |      0 |    733 |   3 |  353.7 |
       Dungeon |   1061 |   1004 |     57 |      0 |    733 |   3 |  353.7 |
               +--------+--------+--------+--------+--------+-----+--------+

Top non-repeatable levels by time:
     D:1: 619 daAuts
     D:2: 286 daAuts
     D:3: 156 daAuts
